Map: Terraform LE (Void)

Players

TOP

  • Race: Terran Terran
  • League: Master

Guru - Winner!

  • Race: Zerg Zerg
  • League: Master

VOD

Have the link to the VOD?

Description

Time

  • Played on: Sept. 5, 2015, 4:49 p.m.
  • Length: 16:37
Show
View Real Time Build Order
Export as new Build Order

TOP Terran 

Build Orders: Reaper Expand, Mech, Siege Tank Drop 

Get SALT Encoding   

  12  0:01  SCV  
  13  0:13  SCV  
  14  0:17  Supply Depot  
  14  0:25  SCV  
  15  0:39  SCV  
  15  0:41  Barracks  
  16  0:45  Refinery  
  16  0:51  SCV  
  17  1:03  SCV  
  18  1:15  SCV  
  19  1:27  Orbital Command  
  19  1:28  Reaper  
  20  1:43  Command Center  
  20  1:48  Refinery  
  20  1:55  SCV  
  20  1:58  Supply Depot  
  21  2:02  Barracks Reactor  
  21  2:07  SCV  
  22  2:19  SCV  
  23  2:23  Factory  
  23  2:31  SCV  
  24  2:39  Marine x2  
  24  2:43  SCV  
  27  2:57  Marine x2  
  29  3:02  SCV, Orbital Command  
  30  3:10  Factory Tech Lab  
  30  3:13  Starport  
  30  3:14  SCV, Marine  
  30  3:15  Marine  
  33  3:26  SCV  
  34  3:29  Siege Tank  
  34  3:31  SCV  
  34  3:33  Marine x2  
  40  3:38  SCV  
  41  3:43  SCV  
  42  3:49  Medivac  
  42  3:50  SCV  
  42  3:51  Marine x2  
  42  3:55  SCV  
  48  4:02  SCV  
  49  4:07  SCV  
  49  4:08  Command Center  
  50  4:17  Liberator  
  50  4:19  SCV x2  
  52  4:31  SCV  
  52  4:32  Supply Depot  
  52  4:33  Supply Depot  
  52  4:34  Hellion x2  
  60  4:41  SCV  
  61  4:47  SCV  
  61  4:52  Armory, Supply Depot  
  62  4:54  SCV  
  62  4:56  Hellion x2  
  67  5:00  Liberator  
  67  5:02  SCV  
  67  5:06  SCV  
  69  5:14  SCV  
  68  5:17  Hellion x2  
  73  5:27  SCV x2  
  68  5:29  Refinery  
  68  5:30  Refinery  
  68  5:31  Supply Depot  
  68  5:32  Supply Depot  
  64  5:38  Hellion x2, Orbital Command  
  64  5:40  Factory  
  64  5:41  Factory  
  68  5:45  Engineering Bay  
  66  5:54  SCV x2  
  66  5:55  Liberator  
  66  6:00  Hellion x2  
  66  6:01  Barracks Reactor  
  66  6:04  Orbital Command  
  70  6:06  SCV x2  
  72  6:18  SCV x2  
  77  6:28  Hellion  
  77  6:29  Factory Tech Lab, Hellion  
  77  6:30  Thor, SCV x2  
  77  6:31  Supply Depot  
  89  6:35  Missile Turret  
  86  6:42  SCV x2, Missile Turret  
  86  6:44  Missile Turret  
  88  6:48  Thor, Missile Turret x2  
  88  6:52  Liberator  
  88  6:53  Liberator  
  94  6:56  Supply Depot  
  94  6:57  Hellion x2  
  94  6:58  SCV x2  
  95  7:10  SCV x2  
  103  7:22  SCV x2  
  104  7:27  Hellion x2, Siege Tank  
  111  7:34  Supply Depot, Factory  
  111  7:35  Factory  
  111  7:39  Terran Vehicle Weapons Level 1  
  111  7:40  Liberator  
  111  7:41  Refinery  
  111  7:42  Refinery  
  111  7:50  Hellion  
  111  7:51  Hellion  
  115  7:55  Command Center  
  118  8:05  Siege Tank  
  117  8:21  Siege Tank  
  117  8:23  Hellion x2  
  117  8:26  Liberator  
  122  8:30  Liberator  
  122  8:33  Factory Tech Lab, Factory Reactor  
  122  8:37  Siege Tank  
  122  8:39  Supply Depot  
  122  8:40  Supply Depot  
  131  8:53  Command Center  
  131  8:56  SCV x2  
  131  9:01  Siege Tank x2  
  131  9:02  Hellion x2  
  143  9:15  Siege Tank  
  143  9:16  Hellion  
  140  9:33  Siege Tank  
  140  9:38  Siege Tank  
  134  9:39  Hellion x3  
  134  9:40  Hellion  
  139  9:47  Hellion  
  139  9:51  Liberator x2  
  138  10:00  Hellion x2  
  138  10:01  SCV x2  
  138  10:02  SCV  
  138  10:05  Hellion x2, Siege Tank  
  152  10:08  Siege Tank  
  152  10:13  SCV  
  159  10:15  Infernal Pre-Igniter  
  154  10:21  Planetary Fortress  
  154  10:23  Hellion x2  
  158  10:33  Siege Tank  
  158  10:34  Hellion x2  
  165  10:38  Sensor Tower  
  157  10:47  Refinery x2, Missile Turret x2  
  157  10:51  Medivac x2  
  149  11:08  Orbital Command  
  140  11:17  Siege Tank  
  140  11:18  Hellion x2, Siege Tank  
  149  11:19  SCV  
  149  11:21  Siege Tank  
  149  11:22  Hellion  
  155  11:31  SCV  
  156  11:36  Medivac x2  
  160  11:43  SCV  
  160  11:45  Hellion x2  
  165  11:48  Hellion x2, Missile Turret  
  165  11:50  Siege Tank x2  
  172  11:58  Siege Tank  
  172  12:00  SCV x2  
  171  12:06  Hellion, Orbital Command  
  171  12:11  Hellion x2  
  171  12:15  SCV  
  176  12:22  Siege Tank  
  179  12:24  SCV  
  179  12:27  SCV  
  181  12:31  Siege Tank  
  181  12:36  SCV  
  181  12:39  SCV  
  170  12:46  Hellion  
  172  12:56  SCV x2  
  172  12:57  SCV  
  173  13:00  Orbital Command  
  173  13:07  SCV  
  173  13:08  SCV x2  
  173  13:09  SCV  
  177  13:19  SCV  
  175  13:20  SCV  
  175  13:21  SCV  
  175  13:25  Liberator  
  173  13:37  Siege Tank  
  173  13:38  Hellion x2  
  173  13:40  SCV x2  
  184  13:52  Siege Tank  
  184  13:53  Hellion  
  161  14:18  Hellion, Siege Tank x2  
  161  14:19  Viking  
  161  14:21  Hellion  
  159  14:25  Viking  
  152  14:35  Orbital Command  
  152  14:36  Orbital Command  
  152  14:45  Siege Tank  
  143  14:49  Viking  
  143  14:55  Viking  
  125  15:07  Siege Tank  
  126  15:19  Viking  
  126  15:25  Viking  
  108  15:46  SCV, Hellion, Siege Tank x2  
  108  15:49  Viking  
  119  15:55  Viking  
  101  16:05  SCV  
Show
View Real Time Build Order
Export as new Build Order

Guru Zerg - Winner!

Build Orders: Hatch First 

Get SALT Encoding   

  12  0:01  Drone  
  13  0:08  Drone  
  14  0:17  Overlord  
  14  0:27  Extractor  
  14  0:28  Drone  
  15  0:36  Drone x2  
  17  0:52  Hatchery  
  17  0:56  Drone  
  17  1:09  Spawning Pool  
  16  1:12  Extractor  
  16  1:13  Drone  
  16  1:17  Drone  
  17  1:21  Drone  
  18  1:27  Drone  
  19  1:38  Overlord  
  19  1:48  Drone  
  20  1:56  Queen  
  20  2:00  Drone  
  23  2:04  Queen  
  23  2:05  Drone  
  26  2:13  Zergling x2  
  27  2:23  Hatchery  
  26  2:30  Spore Crawler  
  25  2:39  Queen  
  27  2:45  Drone x4  
  27  2:50  Metabolic Boost  
  32  3:02  Drone x3  
  34  3:06  Drone  
  34  3:08  Overlord  
  35  3:22  Drone  
  35  3:26  Overlord  
  36  3:28  Queen  
  36  3:29  Drone x3  
  36  3:33  Lair  
  41  3:38  Overlord  
  41  3:39  Drone  
  42  3:41  Drone  
  42  3:48  Drone x3  
  45  3:49  Drone  
  45  3:51  Drone  
  45  3:53  Drone  
  45  3:55  Drone  
  50  3:57  Drone  
  50  3:58  Drone  
  52  4:03  Overlord  
  52  4:10  Queen  
  52  4:12  Zergling x2  
  52  4:16  Zergling x4  
  57  4:18  Overlord  
  57  4:23  Overlord  
  57  4:26  Drone  
  57  4:28  Overlord  
  58  4:31  Spire  
  58  4:33  Drone  
  58  4:36  Overlord  
  58  4:45  Drone x2, Zergling x2  
  59  4:46  Drone, Overlord  
  59  4:49  Extractor x2  
  60  4:53  Drone  
  60  4:56  Zergling x2  
  60  4:57  Zergling x4  
  60  4:58  Overlord  
  64  5:01  Zergling x8  
  64  5:02  Zergling x6  
  64  5:04  Drone x2  
  72  5:11  Overlord  
  70  5:19  Zergling x2  
  67  5:23  Zergling x2  
  67  5:24  Zergling x4  
  67  5:25  Overlord, Zergling x4  
  69  5:38  Extractor x2  
  69  5:42  Hatchery  
  65  5:43  Mutalisk x3  
  65  5:45  Mutalisk, Extractor  
  65  5:49  Drone x2  
  75  5:50  Drone  
  75  5:59  Evolution Chamber, Drone x2  
  75  6:00  Drone  
  75  6:01  Roach Warren  
  76  6:06  Drone x4  
  76  6:09  Drone  
  76  6:11  Drone x2  
  83  6:13  Drone x2  
  82  6:23  Mutalisk x3  
  82  6:34  Drone x2  
  82  6:35  Drone  
  82  6:36  Drone x3  
  87  6:42  Glial Reconstitution  
  87  6:44  Zerg Flyer Weapons Level 1  
  87  6:45  Zerg Missile Weapons Level 1  
  87  6:46  Drone  
  88  6:52  Overlord  
  89  6:54  Drone x2  
  90  7:03  Drone  
  90  7:04  Drone x3  
  90  7:08  Drone  
  95  7:14  Roach  
  95  7:15  Roach x3  
  100  7:16  Roach x4  
  108  7:24  Roach x2  
  108  7:27  Overlord  
  112  7:32  Overlord  
  112  7:33  Overlord  
  112  7:37  Overlord  
  112  7:40  Overlord  
  112  7:42  Overlord  
  112  7:46  Roach  
  112  7:47  Overlord  
  112  7:48  Hatchery  
  112  7:51  Ravager x4  
  114  7:52  Ravager x5  
  114  7:53  Roach x2  
  114  7:57  Roach x2  
  130  8:00  Roach  
  130  8:01  Roach  
  130  8:03  Overlord  
  130  8:05  Roach x2  
  138  8:23  Roach x3  
  138  8:24  Roach x3  
  148  8:42  Roach x6  
  148  8:43  Roach x4  
  148  8:45  Overlord  
  148  8:47  Overlord  
  148  8:48  Extractor x2  
  166  8:49  Overlord  
  166  8:50  Drone  
  166  8:51  Infestation Pit  
  166  8:55  Overlord  
  166  8:59  Pneumatized Carapace  
  166  9:00  Drone x3  
  169  9:03  Overlord, Drone x2  
  169  9:04  Drone x5  
  169  9:06  Queen x3  
  182  9:10  Zerg Flyer Weapons Level 2  
  182  9:18  Drone  
  182  9:20  Unknown  
  176  9:36  Drone  
  176  9:37  Drone x11  
  181  10:03  Ravager  
  181  10:04  Ravager x11  
  181  10:05  Ravager x7  
  198  10:15  Hive, Zerg Missile Weapons Level 2  
  198  10:21  Overlord  
  198  10:30  Spine Crawler  
  198  10:34  Spine Crawler  
  196  10:38  Extractor  
  180  10:45  Spine Crawler  
  179  10:50  Corruptor x7, Spine Crawler  
  162  11:15  Corruptor x4  
  162  11:17  Queen x3  
  176  11:19  Roach  
  176  11:20  Drone, Roach x7  
  176  11:21  Drone x7  
  176  11:24  Overlord  
  200  11:31  Drone, Extractor  
  200  11:33  Drone, Spine Crawler  
  200  11:34  Overlord  
  200  11:35  Hatchery  
  175  12:09  Drone  
  175  12:15  Drone x3  
  179  12:16  Drone x5  
  179  12:19  Greater Spire  
  173  12:42  Drone  
  173  12:43  Drone x3  
  171  12:47  Infestor x3  
  171  12:48  Infestor  
  176  13:29  Spore Crawler  
  176  13:30  Spine Crawler  
  176  13:31  Spine Crawler x2  
  172  13:42  Brood Lord  
  172  13:43  Brood Lord x10  
  172  13:47  Corruptor  
  172  13:48  Corruptor x3  
  180  14:15  Corruptor  
  180  14:16  Corruptor x11  
  193  14:20  Corruptor  
  199  14:28  Corruptor  
  199  14:29  Corruptor x2  
  199  14:40  Drone  
  199  14:41  Drone  
  193  14:46  Corruptor x3  
  196  15:07  Drone  
  196  15:08  Drone x4  
  196  15:09  Drone x2  
  196  15:10  Drone x4  
  174  15:38  Mutalisk x5  
  184  15:45  Drone  
  184  15:46  Drone  
Tags
 
Add a new tag
Caveats
  • Supply blocks, unpowered buildings, or Contaminate may cause inaccurate times.
  • Supply counts are checked every 10 seconds.